 Dungeon Crawl Stone Soup version 0.25-a0-100-g33052ceff8 (console) character file.

Game seed: 299166506950149839, levelgen mode: deterministic

4711 Kagalorn the Spear-Bearer (level 10, -2/79 HPs)
             Began as a Gnoll Wanderer on Nov 14, 2019.
             Was an Initiate of Gozag.
             Slain by a two-headed ogre
             ... wielding a +0 giant club
              (17 damage)
             ... on level 9 of the Dungeon.
             The game lasted 00:24:19 (8574 turns).

Kagalorn the Spear-Bearer (Gnoll Wanderer)          Turns: 8574, Time: 00:24:21

Health: -2/79      AC: 16    Str: 16    XL:     10   Next: 45%
Magic:  17/17      EV:  7    Int: 17    God:    Gozag
Gold:   630        SH:  5    Dex: 14    Spells: 19/19 levels left

rFire    . . .     SeeInvis .   M - +2 whip (elec)
rCold    . . .     Gourm    .   k - +0 buckler
rNeg     . . .     Faith    .   R - +1 plate armour {rPois}
rPois    +         Spirit   .   e - +0 helmet
rElec    .         Reflect  .   y - +0 cloak
rCorr    .         Harm     .   (no gloves)
MR       .....                  (no boots)
Stlth    ..........             (no amulet)
HPRegen  0.23/turn              (no ring)
MPRegen  0.15/turn              (no ring)

@: no status effects
A: distributed training, fangs 1, strong nose
a: Potion Petition, Call Merchant, Bribe Branch, Renounce Religion


You were on level 9 of the Dungeon.
You worshipped Gozag.
Gozag was pleased with you.
You were not hungry.

You visited 2 branches of the dungeon, and saw 10 of its levels.

You collected 822 gold pieces.
You spent 99 gold pieces at shops.
You paid 93 gold pieces to Gozag.

Inventory:

Hand Weapons
 a - a +2 spear
 p - a +0 fustibalus
 r - a +0 hunting sling
 F - a +2 dagger of venom
 G - a +0 shortbow
 M - a +2 whip of electrocution (weapon)
 O - a +4 dagger of venom
Missiles
 g - 266 stones
 j - 80 bolts
 l - 45 poisoned darts (quivered)
 q - 38 sling bullets
 u - 70 arrows
Armour
 e - a +0 helmet (worn)
 h - a +0 chain mail
 k - a +0 buckler (worn)
 y - a +0 cloak (worn)
 R - a +1 plate armour of poison resistance (worn)
Jewellery
 v - an uncursed ring of poison resistance {unknown}
 E - a +3 ring of evasion {unknown}
 N - a +2 ring of protection {unknown}
 P - a +5 ring of strength {unknown}
Wands
 J - a wand of iceblast (3)
Scrolls
 i - 6 scrolls of remove curse {unknown}
 m - 2 scrolls of teleportation {unknown}
 n - 7 scrolls of identify {unknown}
 o - 3 scrolls of fog {unknown}
 s - a scroll of blinking {unknown}
 z - 2 scrolls of amnesia {unknown}
 B - 2 scrolls of immolation {unknown}
 D - a scroll of random uselessness {unknown}
 I - a scroll of enchant armour {unknown}
 K - a scroll of noise {unknown}
 L - a scroll of fear {unknown}
 S - a scroll of holy word {unknown}
Potions
 b - 4 potions of lignification
 f - 3 potions of curing
 t - 3 potions of heal wounds
 w - 2 potions of agility {unknown}
 A - 2 potions of might {unknown}
 C - a potion of invisibility
 H - a potion of cancellation {unknown}
 Q - a potion of haste {unknown}
Comestibles
 d - 9 rations


   Skills:
 + Level 7.0 Fighting
 + Level 5.2 Short Blades
 + Level 5.2 Long Blades
 + Level 7.0 Axes
 + Level 5.2 Maces & Flails
 + Level 8.4 Polearms
 + Level 5.2 Staves
 + Level 5.2 Slings
 + Level 5.2 Bows
 + Level 5.2 Crossbows
 + Level 5.9 Throwing
 + Level 5.9 Armour
 + Level 5.2 Dodging
 + Level 5.2 Stealth
 + Level 5.9 Shields
 + Level 5.2 Unarmed Combat
 + Level 5.2 Spellcasting
 + Level 4.3 Conjurations
 + Level 4.3 Hexes
 + Level 4.3 Charms
 + Level 4.3 Summonings
 + Level 4.3 Necromancy
 + Level 4.3 Translocations
 + Level 4.3 Transmutations
 + Level 4.3 Fire Magic
 + Level 4.3 Ice Magic
 + Level 4.3 Air Magic
 + Level 4.3 Earth Magic
 + Level 4.3 Poison Magic
 + Level 5.7 Invocations
 + Level 5.2 Evocations


You had 19 spell levels left.
You didn't know any spells.
Your spell library was empty.

Dungeon Overview and Level Annotations

Branches:
Dungeon (9/15)             Temple (1/1) D:7
   Lair: D:8-11         Orc: D:9-12

Altars:
Ashenzari
Cheibriados
Dithmenos
Elyvilon
Fedhas
Gozag
Hepliaklqana
Kikubaaqudgha
Makhleb
Nemelex Xobeh
Okawaru
Qazlal
Ru
Sif Muna
Trog
Uskayaw
Vehumet
Wu Jian
Xom
Yredelemnul
Zin
The Shining One

Shops:
D:4 !*

Annotations:
D:3 2 transporters
D:4 2 transporters


Innate Abilities, Weirdness & Mutations

Your experience applies equally to all skills.
You have very sharp teeth.
Your uncanny sense of smell can sniff out nearby items.


Message History

The two-headed ogre is moderately wounded.
The two-headed ogre barely misses you.
The two-headed ogre hits you with a +0 giant club.
You hit the two-headed ogre.
The two-headed ogre is heavily wounded.
You hit the two-headed ogre.
The two-headed ogre is severely wounded.
The two-headed ogre hits you with a +0 giant club!
* * * LOW HITPOINT WARNING * * *
The two-headed ogre closely misses you.
You hit the two-headed ogre.
Lightning courses through the two-headed ogre!
The two-headed ogre is almost dead.
You hit the two-headed ogre.
The two-headed ogre is almost dead.
The two-headed ogre hits you with a +0 giant club.
* * * LOW HITPOINT WARNING * * *
The two-headed ogre hits you with a +0 giant club!
You die...
Your body crumbles into a pile of gold.

#.# #.# #.# #.#
#.# #.# #.# #.#
∆ #.#####.#
#.......#
.#######.#####.#
.........#
#.#####.## $
.#######.#
#.@O(((... #.#
#.#####.##
#.#####.#
#.......#
.#######.#####.#
.........# #.#
.#######.# #.#
#.# #.#
#.#####.#####
#.....


You could see a two-headed ogre.

Vanquished Creatures
  2 two-headed ogres (D:9)
  Pikel (D:5)
  A hippogriff (D:8)
  4 yaks
  A hungry ghost (D:7)
  A water moccasin (D:7)
  Duvessa (D:6)
  An orc warrior (D:8)
  An ice beast (D:8)
  A sky beast (D:5)
  A necrophage (D:7)
  3 centaurs
  2 ogres
  A big kobold (D:8)
  Dowan (D:6)
  A gnoll sergeant (D:6)
  2 scorpions (D:8)
  2 bullfrog zombies
  3 crimson imps
  A jelly (D:5)
  2 centaur skeletons (D:4)
  A bullfrog skeleton (D:4)
  2 hounds (D:4)
  2 orc priests
  5 orc wizards
  Terence (D:3)
  An iguana (D:8)
  6 worker ants
  A hound skeleton (D:9)
  2 worker ant zombies
  3 gnolls (D:6)
  6 adders
  A shadow imp (D:5)
  2 oozes
  An adder skeleton (D:6)
  3 worms
  2 dart slugs
  3 leopard geckos
  26 orcs
  3 giant cockroaches
  7 goblins
  A hobgoblin (D:2)
  8 kobolds
  2 quokkas
  2 ball pythons
  7 bats
  2 frilled lizards
  A giant cockroach zombie (D:5)
  A leopard gecko skeleton (D:5)
  A leopard gecko zombie (D:9)
  A quokka skeleton (D:4)
  7 rats
  A toadstool (D:1)
145 creatures vanquished.

Vanquished Creatures (others)
  2 slaves (D:6)
  A fungus (D:9)
  4 toadstools (D:1)
7 creatures vanquished.

Grand Total: 152 creatures vanquished

Notes
Turn   | Place    | Note
-------+----------+-------------------------------------------
     0 | D:1      | Kagalorn the Gnoll Wanderer began the quest for the Orb.
     0 | D:1      | Kagalorn set off with the following items: a +2 spear, 2
                  | potions of lignification, a +0 robe, a ration
     0 | D:1      | Reached XP level 1. HP: 20/20 MP: 1/1
   241 | D:1      | Reached XP level 2. HP: 26/26 MP: 2/2
   752 | D:2      | Found an ancient bone altar of Kikubaaqudgha.
   813 | D:2      | Found a glowing silver altar of Zin.
   867 | D:2      | Found a shadowy altar of Dithmenos.
   877 | D:2      | Reached XP level 3. HP: 30/31 MP: 3/3
  1332 | D:3      | Found a transporter.
  1346 | D:3      | Reached skill level 1 in Invocations
  1429 | D:3      | Noticed Terence
  1484 | D:3      | Killed Terence
  1484 | D:3      | Reached skill level 1 in Short Blades
  1484 | D:3      | Reached skill level 1 in Long Blades
  1484 | D:3      | Reached skill level 1 in Maces & Flails
  1484 | D:3      | Reached skill level 1 in Staves
  1484 | D:3      | Reached skill level 1 in Slings
  1484 | D:3      | Reached skill level 1 in Bows
  1484 | D:3      | Reached skill level 1 in Crossbows
  1484 | D:3      | Reached skill level 1 in Dodging
  1484 | D:3      | Reached skill level 1 in Stealth
  1484 | D:3      | Reached skill level 1 in Unarmed Combat
  1484 | D:3      | Reached skill level 1 in Spellcasting
  1484 | D:3      | Reached skill level 1 in Evocations
  1484 | D:3      | Reached XP level 4. HP: 25/38 MP: 5/5
  1530 | D:3      | Noticed a kobold demonologist
  1559 | D:3      | Reached skill level 1 in Conjurations
  1559 | D:3      | Reached skill level 1 in Hexes
  1559 | D:3      | Reached skill level 1 in Charms
  1559 | D:3      | Reached skill level 1 in Summonings
  1559 | D:3      | Reached skill level 1 in Necromancy
  1559 | D:3      | Reached skill level 1 in Translocations
  1559 | D:3      | Reached skill level 1 in Transmutations
  1559 | D:3      | Reached skill level 1 in Fire Magic
  1559 | D:3      | Reached skill level 1 in Ice Magic
  1559 | D:3      | Reached skill level 1 in Air Magic
  1559 | D:3      | Reached skill level 1 in Earth Magic
  1559 | D:3      | Reached skill level 1 in Poison Magic
  1574 | D:3      | Found a sacrificial altar of Ru.
  1592 | D:3      | Reached XP level 5. HP: 34/43 MP: 6/6
  1814 | D:3      | Found a transporter.
  2165 | D:4      | Got a spiked hat
  2250 | D:4      | Noticed an ogre
  2268 | D:4      | Killed an ogre
  2268 | D:4      | Reached XP level 6. HP: 32/50 MP: 8/8
  2374 | D:4      | Reached skill level 5 in Fighting
  2374 | D:4      | Reached skill level 5 in Axes
  2387 | D:4      | Found a shimmering altar of Xom.
  2388 | D:4      | Found a hazy altar of Hepliaklqana.
  2389 | D:4      | Noticed a spectral ugly thing
  2479 | D:4      | Found a transporter.
  2611 | D:4      | Found a transporter.
  2641 | D:4      | Found Lyorghouch's General Store.
  2774 | D:4      | Found Hamino's Distillery.
  2779 | D:4      | Bought a potion of heal wounds for 55 gold pieces
  2779 | D:4      | Bought a potion of curing for 33 gold pieces
  2779 | D:4      | Bought a potion of degeneration for 11 gold pieces
  2920 | D:4      | Found a radiant altar of Vehumet.
  2926 | D:4      | Found a stormy altar of Qazlal.
  2926 | D:4      | Found a bloodstained altar of Trog.
  2927 | D:4      | Found a hide-covered altar of Uskayaw.
  2982 | D:5      | Entered Level 5 of the Dungeon
  3132 | D:4      | Reached XP level 7. HP: 54/56 MP: 10/10
  3240 | D:5      | Reached skill level 7 in Polearms
  3862 | D:5      | Reached XP level 8. HP: 24/63 MP: 12/12
  3977 | D:5      | Found a sacrificial altar of Ru.
  4098 | D:5      | Found a snail-covered altar of Cheibriados.
  4146 | D:5      | Found an opulent altar of Gozag.
  4497 | D:5      | Became a worshipper of Gozag Ym Sagoz the Greedy
  4826 | D:6      | Noticed Duvessa
  4826 | D:6      | Noticed Dowan
  4826 | D:6      | Noticed Pikel
  5277 | D:5      | Killed Pikel
  5541 | D:6      | Found an opulent altar of Gozag.
  5710 | D:6      | Killed Duvessa
  5722 | D:6      | Killed Dowan
  6047 | D:7      | Reached XP level 9. HP: 69/69 MP: 14/14
  6126 | D:7      | Found an ornate altar of the Wu Jian Council.
  6156 | D:7      | Found a staircase to the Ecumenical Temple.
  6939 | D:7      | Found a glowing golden altar of the Shining One.
  7042 | Temple   | Entered the Ecumenical Temple
  7364 | D:8      | Reached skill level 5 in Throwing
  7364 | D:8      | Reached skill level 5 in Armour
  7364 | D:8      | Reached skill level 5 in Shields
  7758 | D:8      | Identified the +1 hat of the Distant Future {rF- rC+ Int+2
                  | Dex+2} (You found it on level 4 of the Dungeon)
  7809 | D:8      | Found an opulent altar of Gozag.
  7859 | D:8      | Reached skill level 8 in Polearms
  8099 | D:8      | Reached skill level 5 in Invocations
  8112 | D:8      | Reached XP level 10. HP: 6/77 MP: 15/17
  8477 | D:9      | Noticed a two-headed ogre
  8492 | D:9      | Killed a two-headed ogre
  8492 | D:9      | Reached skill level 5 in Short Blades
  8492 | D:9      | Reached skill level 5 in Long Blades
  8492 | D:9      | Reached skill level 5 in Maces & Flails
  8492 | D:9      | Reached skill level 5 in Staves
  8492 | D:9      | Reached skill level 5 in Slings
  8492 | D:9      | Reached skill level 5 in Bows
  8492 | D:9      | Reached skill level 5 in Crossbows
  8492 | D:9      | Reached skill level 5 in Dodging
  8492 | D:9      | Reached skill level 5 in Stealth
  8492 | D:9      | Reached skill level 5 in Unarmed Combat
  8492 | D:9      | Reached skill level 5 in Spellcasting
  8492 | D:9      | Reached skill level 5 in Evocations
  8520 | D:9      | Noticed a two-headed ogre
  8527 | D:9      | Killed a two-headed ogre
  8562 | D:9      | Noticed a two-headed ogre
  8574 | D:9      | Slain by a two-headed ogre

Levels and vault maps discovered:
D:1:      dpeg_arrival_refuge, layout_basic, minmay_curled_crystal,
          nrook_loot_triangle, minmay_gold_behind_fungi, feat_on_display
D:2:      layout_loops_ring, overflow_temple_1_default, old_standard_altar,
          grunt_dithmenos_smoke_and_mirrors
D:3:      gammafunk_wand_slinger, layout_basic, old_standard_altar,
          palyth_stone_intersect, uniq_terence
D:4:      gammafunk_steamed_eel, layout_loops_ring,
          regret_index_temple_of_mockery, minitemple, serial_shops,
          kennysheep_little_box, shop
D:5:      layout_cave_pools, lemuel_doored_altar, basic_altar, first_ration,
          chequers_serial_rivers_small_b, nicolae_ru_path_of_blood
D:6:      layout_gridville, grunt_gozag_breadcrumbs, uniq_duvessa, uniq_pikel
D:7:      layout_layer_cave, kennysheep_mini_moat,
          minmay_temple_entry_enclosed_plants, basic_altar
D:8:      layout_loops_ring, kennysheep_mini
D:9:      layout_small_grid, david_lair_generic
Temple:   compressed_dpeg_triangle_lava_temple

Skill      XL: |  1  2  3  4  5  6  7  8  9 10 |
---------------+-------------------------------+-----
Invocations    | 1 2 3 4 5 |  5.7
Short Blades   | 1 2 3 4 5 |  5.2
Long Blades    | 1 2 3 4 5 |  5.2
Maces & Flails | 1 2 3 4 5 |  5.2
Staves         | 1 2 3 4 5 |  5.2
Slings         | 1 2 3 4 5 |  5.2
Bows           | 1 2 3 4 5 |  5.2
Crossbows      | 1 2 3 4 5 |  5.2
Dodging        | 1 2 3 4 5 |  5.2
Stealth        | 1 2 3 4 5 |  5.2
Unarmed Combat | 1 2 3 4 5 |  5.2
Spellcasting   | 1 2 3 4 5 |  5.2
Evocations     | 1 2 3 4 5 |  5.2
Conjurations   | 1 2 3 4 |  4.3
Hexes          | 1 2 3 4 |  4.3
Charms         | 1 2 3 4 |  4.3
Summonings     | 1 2 3 4 |  4.3
Necromancy     | 1 2 3 4 |  4.3
Translocations | 1 2 3 4 |  4.3
Transmutations | 1 2 3 4 |  4.3
Fire Magic     | 1 2 3 4 |  4.3
Ice Magic      | 1 2 3 4 |  4.3
Air Magic      | 1 2 3 4 |  4.3
Earth Magic    | 1 2 3 4 |  4.3
Poison Magic   | 1 2 3 4 |  4.3
Throwing       | 3 4 5 |  5.9
Armour         | 3 4 5 |  5.9
Shields        | 3 4 5 |  5.9
Fighting       | 5 6 7 |  7.0
Axes           | 5 6 7 |  7.0
Polearms       | 7 8 |  8.4

Action                   |  1- 3 |  4- 6 |  7- 9 | 10-12 || total
-------------------------+-------+-------+-------+-------++-------
Melee: Spear             |    78 |   213 |   325 |       ||   616
       Bite              |     7 |    22 |    66 |     3 ||    98
       Whip              |       |       |   187 |    34 ||   221
       Dagger            |       |       |     4 |       ||     4
Throw: Dart              |       |     5 |     7 |    12 ||    24
Evoke: Wand              |       |       |     2 |       ||     2
 Stab: Sleeping          |     1 |       |       |       ||     1
       Distracted        |       |       |     3 |       ||     3
  Eat: Chunk             |     1 |     6 |     5 |       ||    12
       Ration            |       |       |     4 |     1 ||     5
Armor: Chain mail        |    43 |    72 |   189 |       ||   304
       Plate armour      |       |       |    42 |     8 ||    50
Dodge: Dodged            |    16 |    58 |   110 |     9 ||   193
Block: Buckler           |    15 |    34 |    61 |     8 ||   118

Table legend:
 A = Non-vault XP
 B = Vault XP
 C = Vault XP percentage of total XP
 D = Non-vault monster count
 E = Vault monster count
 F = Vault count percentage of total count
                 A         B        C        D         E       F
            +---------+---------+-------+---------+---------+-------
      Total |    6002 |     728 |  10.8 |     140 |       4 |   2.8
            +---------+---------+-------+---------+---------+-------
        D:1 |      16 |       0 |   0.0 |      10 |       0 |   0.0
        D:2 |      24 |       0 |   0.0 |      12 |       0 |   0.0
        D:3 |     105 |      38 |  26.6 |      20 |       1 |   4.8
        D:4 |     697 |       0 |   0.0 |      27 |       0 |   0.0
        D:5 |     564 |     607 |  51.8 |      22 |       1 |   4.3
        D:6 |     184 |      83 |  31.1 |       9 |       2 |  18.2
        D:7 |     536 |       0 |   0.0 |       5 |       0 |   0.0
        D:8 |    1877 |       0 |   0.0 |      30 |       0 |   0.0
        D:9 |    1999 |       0 |   0.0 |       5 |       0 |   0.0
            +---------+---------+-------+---------+---------+-------
